 Dungeon Crawl Stone Soup version 0.30.1-4-g462c640d31 (webtiles) character file.

Game seed: 17019916881166826207

630 LynnLen the Sneak (level 7, -11/34 HPs)
             Began as a Spriggan Enchanter on Aug 22, 2023.
             Mangled by Pikel
             ... wielding a +0 whip of electrocution
              (13 damage)
             ... on level 4 of the Dungeon.
             The game lasted 00:10:33 (4417 turns).

LynnLen the Sneak (Spriggan Enchanter)              Turns: 4417, Time: 00:10:34

Health: -11/34     AC:  4    Str:  4    XL:     7   Next: 24%
Magic:  0/14       EV: 18    Int: 18    God:
Gold:   321        SH:  0    Dex: 16    Spells: 6/14 levels left

rFire   + . .        a - +1 dagger
rCold   . . .        (no shield)
rNeg    + . .        b - +1 robe
rPois   .            (helmet restricted)
rElec   .            m - +0 cloak
rCorr   .            (gloves unavailable)
SInv    +            (boots unavailable)
Will    +....        (no amulet)
Stlth   +++          r - ring of protection from fire
HPRegen 0.25/turn    d - ring of positive energy
MPRegen 0.14/turn

%: no passive effects
@: confusing by touch, invisible, very quick
A: very small, no large weapons, unfitting armour, see invisible, speed 3
a: no special abilities


You were on level 4 of the Dungeon.
You visited 1 branch of the dungeon, and saw 4 of its levels.

You collected 321 gold pieces.

Inventory:

Hand Weapons
 a - a +1 dagger (weapon)
 q - the +8 whip of Imbalance {flame, *Slow rC+ rCorr Int+5}
   (You found it on level 3 of the Dungeon)

   Int:       It affects your intelligence (+5).
   rC:        It protects you from cold.
   rCorr:     It protects you from acid and corrosion.
   *Slow:     It may slow you when you take damage.
Armour
 b - a +1 robe (worn)
 e - a +0 buckler
 m - a +0 cloak (worn)
Jewellery
 d - a ring of positive energy (right hand)
 r - a ring of protection from fire (left hand)
 s - a ring of flight
Scrolls
 f - a scroll of acquirement {unknown}
 h - a scroll of teleportation {unknown}
 i - a scroll of immolation
 j - a scroll of noise {unknown}
 l - a scroll of poison {unknown}
 n - a scroll of vulnerability {unknown}
Potions
 c - 2 potions of invisibility
 g - 3 potions of curing
 k - 3 potions of heal wounds
 o - 2 potions of lignification
 p - a potion of mutation


   Skills:
 + Level 1.8 Fighting
 * Level 4.0 Short Blades
 + Level 4.1 Dodging
 + Level 5.7 Stealth
 + Level 1.3 Shields
 + Level 4.1 Spellcasting
 * Level 5.7 Hexes
 + Level 1.5 Ice Magic


You had 6 spell levels left.
You knew the following spells:

 Your Spells              Type           Power      Damage    Failure   Level
a - Ensorcelled Hibernat  Hex/Ice        32%        N/A       4%          2
b - Confusing Touch       Hex            24%        N/A       4%          3
c - Tukima's Dance        Hex            24%        N/A       4%          3

Your spell library contained the following spells:

 Spells                   Type           Power      Damage    Failure   Level
 Beastly Appendage        Tmut           6%         N/A       14%         1
 Dazzling Flash           Conj/Hex       26%        N/A       14%         3
 Lesser Beckoning         Tloc           6%         N/A       22%         2
 Wereblood                Tmut           3%         N/A       22%         2
 Gell's Gravitas          Tloc           3%         N/A       41%         3
 Spider Form              Tmut/Pois      3%         N/A       41%         3
 Teleport Other           Tloc           3%         N/A       41%         3
 Malign Gateway           Summ/Tloc      1%         N/A       100%        7
 Summon Horrible Things   Summ           1%         N/A       100%        8


Dungeon Overview and Level Annotations

Branches:
Dungeon (4/15)
 Temple: D:4-7

Altars:
Qazlal
Trog
Yredelemnul

Annotations:
D:4 Pikel


Innate Abilities, Weirdness & Mutations

You are very small and have problems with some larger weapons.
You are too small for most types of armour.
You have supernaturally acute eyesight. (SInv)
You cover ground extremely quickly. (Speed+++)


Message History

Pikel resists with some effort.
Pikel barely misses you. The lemure closely misses you.
The lemure completely misses you.
Aiming: Ensorcelled Hibernation (safe; 4% risk of failure)
Press: ? - help, Q - select action, (/) - cycle Shift-Dir - straight line, f/p - Pikel
Aim: Pikel, wielding a +0 whip of electrocution and wearing a +0 robe (chance to affect: 50%) Pikel resists with some effort.
Pikel completely misses you. The lemure hits you!
The lemure completely misses you.
Aiming: Ensorcelled Hibernation (safe; 4% risk of failure)
Press: ? - help, Q - select action, (/) - cycle Shift-Dir - straight line, f/p - Pikel
Aim: Pikel, wielding a +0 whip of electrocution and wearing a +0 robe (chance to affect: 50%) Pikel looks drowsy...
The lemure hits you. x2
The helpless Pikel fails to defend himself.
You impale Pikel!!
Pikel is severely wounded.
Pikel closely misses you. The lemure hits you but does no damage.
The lemure closely misses you.
You hit Pikel.
Pikel is severely wounded.
You fade into invisibility!
Pikel barely misses you. The lemure completely misses you. x2
Unknown command.
Casting: Confusing Touch (dangerous; 4% risk of failure)
Press: ? - help, Q - select action, (/) - cycle Dir - look around, f - activate Your hands begin to glow red.
Pikel barely misses you. The lemure hits you. The lemure misses you.
Unknown command.
You hit Pikel but do no damage.
Pikel is severely wounded.
Pikel says, "Hell isn't that bad."
Pikel hits you with a +0 whip of electrocution!
The lemure misses you.
You hit Pikel but do no damage.
Pikel is severely wounded.
Pikel hits you with a +0 whip of electrocution!
* * * LOW HITPOINT WARNING * * *
You are electrocuted!
You die...

#.......... ........#
#.......... .......###
#.......... #........#
##########. #........#
#. #........# #.
#...5S...# #.
#...K555.##### #.
####@####...## ##
#............#
#............#
#............#
###..####.....########
#....####.....##<..#..
#....#.............#..
#....#.............#..
#....#.............'..


You could see Pikel (unable to see you), 4 lemures and a ball python (unable to
see you).

Vanquished Creatures
  Grinder (D:3)
  A phantom (D:4)
  Blork the orc (D:4)
  A howler monkey (D:4)
  Crazy Yiuf (D:2)
  A hound (D:4)
  An orc priest (D:3)
  2 orc wizards (D:3)
  4 adders
  7 dart slugs
  7 orcs
  4 ball pythons
  5 endoplasms
  3 giant cockroaches
  8 goblins
  13 hobgoblins
  A jackal (D:3)
  2 quokkas
  5 bats
  2 frilled lizards
  5 kobolds
  5 rats
80 creatures vanquished.

Notes
Turn   | Place    | Note
-------+----------+-------------------------------------------
     0 | D:1      | LynnLen the Spriggan Enchanter began the quest for the Orb.
     0 | D:1      | Reached XP level 1. HP: 9/9 MP: 5/5
   320 | D:1      | Reached XP level 2. HP: 13/13 MP: 6/6
   458 | D:1      | Learned a level 2 spell: Ensorcelled Hibernation
  1022 | D:2      | Reached XP level 3. HP: 17/17 MP: 8/8
  1892 | D:2      | Found a runed translucent door.
  1893 | D:2      | Noticed Crazy Yiuf
  1900 | D:2      | Killed Crazy Yiuf
  1901 | D:2      | Reached skill level 1 in Fighting
  1901 | D:2      | Reached XP level 4. HP: 22/22 MP: 6/9
  2061 | D:3      | Noticed Grinder
  2071 | D:3      | Killed Grinder
  2072 | D:3      | Reached skill level 5 in Stealth
  2072 | D:3      | Reached skill level 5 in Hexes
  2072 | D:3      | Reached skill level 1 in Ice Magic
  2072 | D:3      | Reached XP level 5. HP: 25/25 MP: 9/11
  2072 | D:3      | Reached XP level 6. HP: 30/30 MP: 9/12
  2085 | D:3      | Learned a level 3 spell: Confusing Touch
  2089 | D:3      | Learned a level 3 spell: Tukima's Dance
  2164 | D:3      | Reached skill level 1 in Shields
  3081 | D:3      | Found a bloodstained altar of Trog.
  3081 | D:3      | Found a basalt altar of Yredelemnul.
  3187 | D:3      | Identified the +8 whip of Imbalance {flame, *Slow rC+ rCorr
                  | Int+5}
  3826 | D:4      | Reached XP level 7. HP: 34/34 MP: 10/14
  4085 | D:4      | Noticed Blork the orc
  4088 | D:4      | Killed Blork the orc
  4181 | D:4      | Found a stormy altar of Qazlal.
  4405 | D:4      | Noticed Pikel
  4417 | D:4      | Mangled by Pikel

Illustrated notes

Levels and vault maps discovered:
D:1:      minmay_arrival_open_corners, layout_basic, reono_crystal_passage,
          minivault_19
D:2:      layout_loops_ring, minivault_27, dreamdust_wishing_well,
          uniq_crazy_yiuf_cottage
D:3:      minmay_skewed_foursquare, layout_basic,
          gammafunk_temple_overflow_wave, uniq_grinder
D:4:      layout_gridville, grunt_qazlal_sundering, grunt_decor_arrowhead,
          uniq_pikel, uniq_blork_the_orc

Skill      XL: |  1  2  3  4  5  6  7 |
---------------+----------------------+-----
Hexes          | 4 5 |  5.7
Short Blades   | 2 3 4 |  4.0
Dodging        | 3 4 |  4.1
Spellcasting   | 3 4 |  4.1
Fighting       | 1 |  1.8
Stealth        | 5 |  5.7
Ice Magic      | 1 |  1.5
Shields        | 1 |  1.3

Action                     |  1- 3 |  4- 6 |  7- 9 || total
---------------------------+-------+-------+-------++-------
  Melee: Dagger            |   109 |    70 |    16 ||   195
   Cast: Ensorcelled Hiber |    13 |    29 |     8 ||    50
         Confusing Touch   |       |     1 |     1 ||     2
    Use: Scroll            |     1 |     5 |       ||     6
         Potion            |       |     1 |     1 ||     2
   Stab: Sleeping          |    22 |    22 |     6 ||    50
         Invisible         |       |     1 |       ||     1
         Confused          |       |     2 |       ||     2
 Armour: Robe              |    16 |     6 |     1 ||    23
  Dodge: Dodged            |    77 |    48 |    24 ||   149
